 Dungeon Crawl Stone Soup version 0.15-a0-1154-gddcb950 (webtiles) character file.

819 MDvedh the Slicer (level 8, 0/69 HPs)
             Began as a Kobold Berserker on May 28, 2014.
             Was a Believer of Trog.
             Slain by an orc wizard
             ... wielding a +0,+0 falchion
              (4 damage)
             ... on Level 5 of the Dungeon on May 30, 2014.
             The game lasted 00:12:20 (6076 turns).

MDvedh the Slicer (Kobold Berserker)                Turns: 6076, Time: 00:12:20

HP   0/69        AC  5     Str 21      XL: 8   Next: 16%
MP   8/8         EV 14     Int  5      God: Trog [**....]
Gold 237         SH  0     Dex 17      Spells:  0 memorised,  7 levels left

rFire  . . .     SeeInvis .     a - +1,+0 short sword
rCold  . . .     Clarity  .     i - +0 leather armour
rNeg   . . .     rCorr    .     (no shield)
rPois  .         rRot     .     (no helmet)
rElec  .         Spirit   .     o - +0 cloak
SustAb .         Warding  .     h - +0 pair of gloves
rMut   .         Stasis   .     (no boots)
Gourm  .                        (no amulet)
MR     .....                    (no ring)
                                (no ring)

@: berserking (expiring), very quick, not resistant to hostile enchantments,
extremely unstealthy
A: carnivore 3
a: Burn Spellbooks, Berserk, Trog's Hand, Renounce Religion


You were on level 5 of the Dungeon.
You worshipped Trog.
Trog was pleased with you.
You were not hungry.

You visited 1 branch of the dungeon, and saw 5 of its levels.

You collected 237 gold pieces.

Inventory:

Hand weapons
 a - a +1,+0 short sword (weapon)
Armour
 h - a +0 pair of gloves (worn)
 i - a +0 leather armour (worn)
 o - a +0 cloak (worn)
Comestibles
 c - a meat ration
 k - a slice of pizza
Scrolls
 b - a scroll of identify
 d - a scroll of blinking {unknown}
 g - 2 scrolls of noise
 j - a scroll of enchant weapon I
 l - 2 scrolls of random uselessness {unknown}
 p - a scroll of teleportation
 q - a scroll of fog {unknown}
 s - a scroll of torment {unknown}
 t - a scroll of fear {unknown}
Potions
 e - a potion of lignification
 f - a potion of paralysis {unknown}
 m - a potion of might
 n - a potion of restore abilities
 r - a potion of haste {unknown}


   Skills:
 - Level 3.2 Fighting
 + Level 11.6 Short Blades
 - Level 1.5 Armour
 - Level 2.4 Dodging


You had 7 spell levels left.
You didn't know any spells.

Dungeon Overview and Level Annotations

Branches:
Dungeon (5/15)             Temple (0/1) D:4

Altars:
Ashenzari
Fedhas
Qazlal
Vehumet
Xom
Yredelemnul
The Shining One


Innate Abilities, Weirdness & Mutations

You are small and have problems with some larger weapons.
You are carnivorous and can eat meat at any time.


Message History

Unknown command.
You puncture the orc wizard!
You kill the orc wizard!
Trog accepts your kill.
Trog appreciates your killing of a magic user.
Unknown command.
You miss something.
Unknown command.
You hit something. Something hits you but does no damage.
Unknown command.
You puncture something!
Unknown command.
You barely miss something. You closely miss something. Something hits you.
* * * LOW HITPOINT WARNING * * *
You hit something but do no damage. You barely miss something.
You miss something. You barely miss something. Something hits you.
You die... o

.# .. .. .# .. o#
.# .# .# .. .# .#
#.#######.# .#
##......@).# .#
..........)##
.##>###.......#.###
<.......#####.#.#
######### #.#.#
)......<. #.#.#
########## #.#.#
.......... #.#.#
#############.#.#


There were no monsters in sight!

Vanquished Creatures
  The ghost of haldagan the Sneak, an average OpWn (D:4)
  2 phantoms (D:4)
  An ogre (D:5)
  A scorpion (D:4)
  A crimson imp (D:5)
  An orc wizard (D:5)
  Crazy Yiuf (D:3)
  2 orc priests (D:5)
  6 adders
  A worm (D:3)
  5 giant geckos
  An ooze (D:1)
  7 orcs (D:3)
  A ball python (D:1)
  8 bats
  7 giant cockroaches
  8 goblins
  6 hobgoblins
  12 kobolds
  A quokka (D:2)
  5 giant newts
  A hobgoblin skeleton (D:4)
  9 jackals
  An orc skeleton (D:4)
  A quokka skeleton (D:3)
  11 rats
  3 rat skeletons
104 creatures vanquished.

Notes
Turn   | Place    | Note
--------------------------------------------------------------
     0 | D:1      | MDvedh, the Kobold Berserker, began the quest for the Orb.
     0 | D:1      | Reached XP level 1. HP: 14/14 MP: 1/1
   194 | D:1      | Reached XP level 2. HP: 14/19 MP: 2/2
   539 | D:1      | Reached skill level 5 in Short Blades
   771 | D:1      | Reached XP level 3. HP: 19/23 MP: 3/3
  1738 | D:2      | Acquired Trog's second power
  1738 | D:2      | Reached skill level 6 in Short Blades
  1738 | D:2      | Reached XP level 4. HP: 23/28 MP: 4/4
  1956 | D:2      | Found a radiant altar of Vehumet.
  1959 | D:2      | Found a shimmering altar of Xom.
  1969 | D:2      | Found a glowing golden altar of the Shining One.
  1970 | D:2      | Found a basalt altar of Yredelemnul.
  1972 | D:2      | Found a stormy altar of Qazlal.
  1973 | D:2      | Found a shattered altar of Ashenzari.
  2403 | D:2      | Upgraded the game from 0.15-a0-1081-gb32516e to 0.15-a0-1154-gddcb950
  2840 | D:3      | Reached skill level 7 in Short Blades
  2840 | D:3      | Reached XP level 5. HP: 22/32 MP: 5/5
  3878 | D:3      | Found a blossoming altar of Fedhas.
  4410 | D:3      | Noticed Crazy Yiuf
  4417 | D:3      | Killed Crazy Yiuf
  4417 | D:3      | Reached skill level 8 in Short Blades
  4544 | D:4      | Found a staircase to the Ecumenical Temple.
  4766 | D:4      | Noticed a phantom
  4836 | D:4      | Killed a phantom
  4836 | D:4      | Reached XP level 6. HP: 23/37 MP: 6/6
  5000 | D:4      | Reached skill level 9 in Short Blades
  5394 | D:4      | Noticed haldagan's ghost (average OpWn)
  5402 | D:4      | Killed haldagan's ghost
  5402 | D:4      | Reached skill level 10 in Short Blades
  5402 | D:4      | Reached XP level 7. HP: 41/41 MP: 7/7
  5676 | D:5      | Entered Level 5 of the Dungeon
  5737 | D:5      | Reached skill level 11 in Short Blades
  5761 | D:5      | Reached XP level 8. HP: 20/46 MP: 8/8
  6076 | D:5      | Slain by an orc wizard

Action                   |  1- 3 |  4- 6 |  7- 9 || total
-------------------------+-------+-------+-------++-------
Melee: Short sword       |   127 |   406 |   110 ||   643
Invok: Berserk           |       |     3 |     2 ||     5
  Use: Scroll            |     3 |     8 |       ||    11
       Potion            |       |     4 |       ||     4
 Stab: Sleeping          |       |       |     1 ||     1
